AoeStats
← 布丁

Arena

507886641Analyzed
4v4 RM · 12d ago on Sep 20, 2026· 49m 0s· 8 players
Game mode
Random Map
Map size
Large (8 player)
Population
200
Speed
Normal
Resources
Standard
Victory
Conquest
Starting age
Dark Age
Ending age
Imperial Age
RankedLock teamsTeams togetherTeam positionsShared explorationLock speedFull tech treeHidden civsTurbo modeCheats
Victory
Defeat
🇵🇪 Bohemians · Peru
852
+15
🇦🇺 Spanish · Australia
846
+16
🇹🇼 Goths · Taiwan
845
+16
🇸🇬 Huns · Singapore
769
+19
🇺🇸 Chinese · United States
899
-19
🇧🇷 Britons · Brazil
861
-17
🇲🇽 Italians · Mexico
794
-15
🇲🇽 Turks · Mexico
792
-15
Gneisenau HK
10:57 Feudal Age
11:38 Horse Collar
15:17 Castle Age
14:37 Double-Bit Axe
16:58 Heavy Plow
17:53 Loom
24:17 Wheelbarrow
30:53 Imperial Age
29:34 Hand Cart
30:04 Gold Mining
33:27 Bow Saw
37:25 Chemistry
36:46 Ballistics
36:01 Cavalier
36:51 Bloodlines
36:42 Husbandry
40:14 Forging
40:09 Scale Barding Armor
43:15 Conscription
42:49 Paladin
44:22 Iron Casting
44:07 Chain Barding Armor
46:58 Blast Furnace
46:10 Town Watch
46:25 Murder Holes
47:08 Plate Barding Armor
48:29 Block Printing
48:36 Sanctity
48:27 Fervor
48:36 Block Printing
48:46 Sanctity
48:54 Illumination
49:05 Theocracy
marshall_o18
0:59 Loom
10:06 Feudal Age
14:04 Double-Bit Axe
16:31 Castle Age
23:04 Chemistry
24:12 Pikeman
32:47 Imperial Age
34:25 Town Watch
42:03 Halberdier
42:44 Squires
42:30 Arson
48:11 Fletching
48:22 Padded Archer Armor
48:22 Scale Mail Armor
48:33 Forging
布丁
1:21 Loom
12:47 Feudal Age
14:34 Wheelbarrow
17:37 Castle Age
16:00 Double-Bit Axe
15:57 Horse Collar
20:00 Hand Cart
23:11 Bow Saw
26:33 Gold Mining
32:17 Imperial Age
29:55 Elite Skirmisher
30:41 Scale Mail Armor
30:52 Forging
31:13 Squires
32:27 Chain Mail Armor
32:48 Anarchy
33:48 Fletching
34:34 Iron Casting
35:03 Chemistry
39:10 Blast Furnace
41:29 Elite Huskarl
43:16 Conscription
45:42 Bodkin Arrow
Soldaris
2:00 Loom
9:29 Feudal Age
9:57 Double-Bit Axe
10:49 Wheelbarrow
10:39 Horse Collar
16:23 Gold Mining
16:49 Stone Mining
19:30 Castle Age
18:31 Fletching
20:23 Bow Saw
20:17 Heavy Plow
21:02 Gold Shaft Mining
23:15 Hand Cart
29:18 Murder Holes
31:40 Bloodlines
31:31 Husbandry
34:11 Imperial Age
32:04 Bodkin Arrow
32:20 Forging
32:48 Scale Barding Armor
32:49 Scale Mail Armor
35:16 Iron Casting
35:02 Chain Barding Armor
35:19 Conscription
36:01 Two-Man Saw
35:39 Marauders
35:22 Elite Tarkan
36:04 Bracer
39:25 Plate Barding Armor
41:13 Blast Furnace
40:29 Chain Mail Armor
46:07 Padded Archer Armor
ElBlack
10:46 Feudal Age
17:31 Castle Age
16:53 Double-Bit Axe
19:54 Forging
19:36 Fletching
29:21 Bodkin Arrow
29:48 Padded Archer Armor
34:19 Leather Archer Armor
36:43 Thumb Ring
40:48 Imperial Age
39:16 Crossbowman
41:11 Scale Barding Armor
42:42 Parthian Tactics
ferandres99
0:40 Loom
9:49 Feudal Age
12:21 Double-Bit Axe
15:19 Castle Age
13:55 Horse Collar
16:36 Town Watch
23:09 Fletching
29:11 Imperial Age
28:04 Wheelbarrow
28:00 Gold Mining
28:33 Ballistics
28:09 Murder Holes
28:25 Masonry
28:26 Fortified Wall
28:18 Bodkin Arrow
28:32 Heavy Plow
28:51 Bow Saw
29:16 Crossbowman
30:03 Thumb Ring
30:34 Conscription
30:57 Bracer
31:59 Chemistry
31:30 Architecture
31:38 Gold Shaft Mining
32:09 Stone Mining
36:03 Crossbowman
36:50 Elite Skirmisher
37:10 Arbalester
38:14 Padded Archer Armor
39:36 Capped Ram
41:44 Hand Cart
41:32 Town Patrol
41:19 Capped Ram
43:22 Two-Man Saw
42:12 Siege Ram
memito101091
0:54 Loom
12:33 Feudal Age
13:56 Wheelbarrow
14:43 Double-Bit Axe
14:50 Stone Mining
17:43 Horse Collar
22:16 Castle Age
21:26 Gold Mining
23:27 Bow Saw
22:50 Elite Skirmisher
29:47 Man-at-Arms
31:52 Stone Shaft Mining
31:07 Town Watch
32:26 Heavy Plow
32:23 Pikeman
32:26 Long Swordsman
34:03 Scale Mail Armor
37:22 Hand Cart
40:57 Imperial Age
39:55 Fortified Wall
40:58 Two-Handed Swordsman
44:11 Chemistry
42:55 Champion
Guará
9:41 Feudal Age
10:55 Double-Bit Axe
15:00 Horse Collar
17:32 Castle Age
16:36 Stone Mining
16:41 Gold Mining
17:50 Padded Archer Armor
17:40 Fletching
19:23 Wheelbarrow
22:10 Hand Cart
22:58 Loom
30:54 Imperial Age
28:45 Town Watch
30:52 Heavy Plow
31:05 Bow Saw
32:28 Leather Archer Armor
32:08 Bodkin Arrow
34:53 Ring Archer Armor
34:48 Ballistics
35:33 Chemistry
35:34 Elite Longbowman
36:45 Yeomen
36:47 Caravan
37:46 Bracer
38:00 Masonry
Connection lost

Rejoining the realm…

Still unreachable

The connection could not be restored.

Session expired

The server has moved on; the page needs a fresh start.